AoeStats
← Craftmk

Arabia

503196883Analyzed
1v1 RM · 3mo ago on Aug 30, 2026· 30m 22s· 2 players
Game mode
Random Map
Map size
Tiny (2 player)
Population
200
Speed
Normal
Resources
Standard
Victory
Conquest
Starting age
Dark Age
Ending age
Imperial Age
RankedLock teamsTeams togetherTeam positionsShared explorationLock speedFull tech treeHidden civsTurbo modeCheats
Victory
Defeat
🇦🇷 Mongols · Argentina
1583
+14
vs
🇷🇺 Muisca · Russia
1537
-14
Craftmk
5:22 Loom
7:42 Feudal Age
8:59 Double-Bit Axe
11:29 Horse Collar
22:43 Castle Age
21:47 Bloodlines
22:06 Gold Mining
22:15 Fletching
22:25 Padded Archer Armor
23:27 Husbandry
23:24 Bodkin Arrow
25:48 Ballistics
27:48 Thumb Ring
Acheron
6:35 Loom
9:24 Feudal Age
9:27 Champi Runner
10:51 Double-Bit Axe
13:59 Fletching
22:32 Castle Age
20:39 Horse Collar
21:29 Scale Mail Armor
22:44 Forging
22:45 Champi Warrior
22:47 Crossbowman
23:40 Bodkin Arrow
24:33 Padded Archer Armor
25:32 Leather Archer Armor
26:48 Squires
27:34 Chain Mail Armor
27:57 Bow Saw
Connection lost

Rejoining the realm…

Still unreachable

The connection could not be restored.

Session expired

The server has moved on; the page needs a fresh start.